 Dungeon Crawl Stone Soup version 0.31-a0-234-gad7ace16ef (webtiles) character file.

Game seed: 14023234304941336254

164 qw the Shooter (level 5, 0/45 HPs)
             Began as a Minotaur Hexslinger on July 9, 2023.
             Slain by a goblin
             ... wielding a +0 dagger
             ... led by Robin
              (2 damage)
             ... on level 3 of the Dungeon.
             The game lasted 00:00:53 (1885 turns).

qw the Shooter (Minotaur Hexslinger)                Turns: 1885, Time: 00:00:54

Health: 0/45       AC:  5    Str: 12    XL:     5   Next: 21%
Magic:  5/5        EV: 11    Int: 10    God:
Gold:   117        SH:  0    Dex: 15    Spells: 5/6 levels left

rFire   . . .        Y - +1 sling
rCold   . . .        (no shield)
rNeg    . . .        i - +0 ring mail
rPois   .            (helmet restricted)
rElec   .            (no cloak)
rCorr   .            (no gloves)
SInv    .            (no boots)
Will    .....        d - amulet of faith
Stlth   +            (no ring)
HPRegen 0.27/turn    (no ring)
MPRegen 0.09/turn

%: faith
@: no status effects
A: horns 2, retaliatory headbutt
a: no special abilities


You were on level 3 of the Dungeon.
You visited 1 branch of the dungeon, and saw 3 of its levels.

You collected 117 gold pieces.


Innate Abilities, Weirdness & Mutations

You have a pair of horns on your head.
You reflexively headbutt those who attack you in melee.


   Skills:
 - Level 3.2 Fighting
 + Level 5.1 Ranged Weapons
 - Level 1.0 Armour
 - Level 2.1 Dodging
 - Level 1.0 Spellcasting
 - Level 2.0 Hexes


You had 5 spell levels left.
You knew the following spells:

 Your Spells              Type           Power      Damage    Failure   Level
a - Slow                  Hex            16%        N/A       34%         1

Your spell library contained the following spells:

 Spells                   Type           Power      Damage    Failure   Level
 Inner Flame              Hex/Fire       2%         N/A       83%         3
 Portal Projectile        Hex/Tloc       4%         N/A       83%         3
 Cause Fear               Hex            2%         N/A       98%         4

Inventory:

Hand Weapons
 Y - a +1 sling (weapon)
Armour
 e - a +0 pair of boots
 i - a +0 ring mail (worn)
Jewellery
 d - an amulet of faith (around neck)
 j - a +6 ring of intelligence
Scrolls
 b - a scroll of identify
 k - a scroll of fog {unknown}
Potions
 a - a potion of heal wounds {unknown}
 c - a potion of degeneration {unknown}
 f - a potion of mutation {unknown}
 g - a potion of haste {unknown}
 h - 2 potions of curing
 l - 2 potions of enlightenment {unknown}

Dungeon Overview and Level Annotations

Branches:
Dungeon (3/15)

Altars:

Annotations:
D:3 Robin


Message History

Natasha misses you.
The cerulean imp hits you but does no damage. x2
Natasha closely misses you. You furiously retaliate!
You headbutt Natasha. You shoot a sling bullet.
The sling bullet barely misses Natasha.
The sling bullet closely misses the cerulean imp.
The sling bullet barely misses the cerulean imp.
The cerulean imp hits you but does no damage.
The cerulean imp barely misses you. Natasha closely misses you.
The cerulean imp hits you from afar with a +2 spear.
You shoot a sling bullet. The sling bullet hits Natasha.
You kill Natasha!
You hear a faint echoing roar filled with hate and sorrow!
The cerulean imp disappears in a puff of smoke! x3
You hear a shout! x3
Your Fighting skill increases to level 3!
You have reached level 5!
You shoot a sling bullet. The sling bullet hits the goblin!
You kill the goblin!
You hear an angry hiss.
A hobgoblin comes into view.
The goblin hits you but does no damage.
You shoot a sling bullet.
The sling bullet barely misses the goblin.
The hobgoblin shouts!
The goblin closely misses you.
You shoot a sling bullet. The sling bullet hits the goblin!
You kill the goblin!
You shoot a sling bullet. The sling bullet hits the hobgoblin!
You kill the hobgoblin!
You shoot a sling bullet. The sling bullet barely misses Robin.
You hear a shout!
Robin roars a battlecry!
You shoot a sling bullet. The sling bullet barely misses Robin.
A goblin comes into view. It is wielding a +0 dagger.
Robin throws the goblin at you!
You shoot a sling bullet. The sling bullet closely misses Robin.
The goblin hits you with a +0 dagger. Robin hits you but does no damage.
You shoot a sling bullet. The sling bullet closely misses Robin.
The goblin hits you with a +0 dagger.
You die...

##......)'.........).......
##...####.........####....
#..## ##.......## ##.##
#.#### ##..(..## ####
#....# ##.[.## # ####.#
##+## # #####.##### #
#........g# # #.###.###@# #
#.# #g# #.##.)..gh)gg
#.....##...#. ...>..# .##
######## #


You could see Robin and a goblin (strong).

Vanquished Creatures
  Natasha (D:3)
  An orc wizard (D:3)
  4 adders
  2 worms
  2 dart slugs
  5 orcs (D:3)
  5 bats
  2 endoplasms
  A giant cockroach (D:1)
  4 hobgoblins
  7 jackals (D:3)
  2 quokkas
  3 ball pythons
  2 frilled lizards (D:2)
  10 goblins
  7 kobolds
  4 rats
62 creatures vanquished.

Notes
Turn   | Place    | Note
-------+----------+-------------------------------------------
     0 | D:1      | qw the Minotaur Hexslinger began the quest for the Orb.
     0 | D:1      | Reached XP level 1. HP: 16/16 MP: 1/1
     0 | D:1      | 0 ||| qw: Version: 0.3-a-51-g015441d
     0 | D:1      | 0 ||| qw: Game counter: 4143
     0 | D:1      | 0 ||| qw: Melee chars always use a shield: true
     0 | D:1      | 0 ||| qw: God list: Okawaru
     0 | D:1      | 0 ||| qw: Allow faded altars: false
     0 | D:1      | 0 ||| qw: Do Orc after clearing Dungeon:15 true
     0 | D:1      | 0 ||| qw: Do second Lair branch before Depths: true
     0 | D:1      | 0 ||| qw: Lair rune preference: random
     0 | D:1      | 0 ||| qw: Goals: Normal
     0 | D:1      | 0 ||| PLANNING D:1-11
   170 | D:1      | Reached skill level 3 in Ranged Weapons
   208 | D:1      | Reached XP level 2. HP: 23/23 MP: 2/2
   391 | D:1      | 391 ||| UPGRADING to +0 ring mail.
   401 | D:1      | 401 ||| DROPPING +0 robe.
   402 | D:1      | 402 ||| UPGRADING to amulet of faith.
   407 | D:1      | 407 ||| READING scroll labelled NAUPI YWNAOHO.
   408 | D:1      | 408 ||| READING scroll labelled YBAFOU ON XOME.
   409 | D:1      | 409 ||| READING scroll labelled UCROIMN NUAWA.
   410 | D:1      | 410 ||| READING scroll labelled VEALUISEENT.
   413 | D:1      | 413 ||| DROPPING scroll of poison.
   491 | D:2      | Reached XP level 3. HP: 28/29 MP: 3/3
   707 | D:2      | Reached skill level 4 in Ranged Weapons
  1140 | D:2      | Found a faded altar of an unknown god.
  1247 | D:2      | 1247 ||| READING scroll labelled FIONGO AHEPT.
  1248 | D:2      | 1248 ||| READING scroll labelled MIEFUPOISH.
  1249 | D:2      | 1249 ||| DRINKING 3 sapphire potions.
  1292 | D:3      | Reached skill level 1 in Armour
  1445 | D:3      | Reached XP level 4. HP: 33/36 MP: 4/4
  1689 | D:3      | 1689 ||| Stepping ~*~*~tactically~*~*~ (outnumbered).
  1701 | D:3      | Reached skill level 5 in Ranged Weapons
  1733 | D:3      | 1733 ||| FLEEEEING.
  1734 | D:3      | 1734 ||| FLEEEEING.
  1735 | D:3      | 1735 ||| FLEEEEING.
  1738 | D:3      | 1738 ||| FLEEEEING.
  1739 | D:3      | 1739 ||| FLEEEEING.
  1743 | D:3      | 1743 ||| FLEEEEING.
  1744 | D:3      | 1744 ||| FLEEEEING.
  1745 | D:3      | 1745 ||| FLEEEEING.
  1754 | D:3      | 1754 ||| FLEEEEING.
  1755 | D:3      | 1755 ||| FLEEEEING.
  1756 | D:3      | 1756 ||| FLEEEEING.
  1757 | D:3      | 1757 ||| FLEEEEING.
  1769 | D:3      | 1769 ||| FLEEEEING.
  1770 | D:3      | 1770 ||| FLEEEEING.
  1771 | D:3      | 1771 ||| FLEEEEING.
  1784 | D:3      | 1784 ||| FLEEEEING.
  1860 | D:3      | Noticed Natasha
  1860 | D:3      | Identified the +0 helmet of the Maze {rElec rPois Int-5
                  | Dex+4}
  1860 | D:3      | Noticed Robin
  1861 | D:3      | 1861 ||| Stepping ~*~*~tactically~*~*~ (outnumbered).
  1863 | D:3      | 1863 ||| Stepping ~*~*~tactically~*~*~ (outnumbered).
  1874 | D:3      | HP: 4/37 [Natasha (8)]
  1877 | D:3      | Killed Natasha
  1878 | D:3      | Reached skill level 3 in Fighting
  1878 | D:3      | Reached XP level 5. HP: 4/45 MP: 5/5
  1883 | D:3      | HP: 5/45 [Robin/goblin (1)]
  1884 | D:3      | HP: 2/45 [goblin/+0 dagger[Robin] (3)]
  1885 | D:3      | Slain by a goblin

Levels and vault maps discovered:
D:1:      zaba_arrival_water, layout_rooms
D:2:      layout_loops_ring, serial_rivers, chequers_serial_rivers_small_b,
          chequers_serial_rivers_marsh, chequers_serial_rivers_micro_e,
          chequers_serial_rivers_room_a, chequers_serial_rivers_large_a,
          chequers_serial_rivers_micro_b, shapermc_ecumenical_altar_acropolis
D:3:      layout_loops_corners, minmay_vboxes, uniq_robin, uniq_natasha

Skill      XL: |  1  2  3  4 |
---------------+-------------+-----
Ranged Weapons | 3 4 5 |  5.1
Fighting       | 2 3 |  3.2
Armour         | 1 |  1.0
Dodging        | |  2.1
Spellcasting   | |  1.0
Hexes          | |  2.0

Action                     |  1- 3 |  4- 6 || total
---------------------------+-------+-------++-------
   Fire: Sling             |   114 |    72 ||   186
    Use: Scroll            |     6 |       ||     6
         Potion            |     1 |       ||     1
 Armour: Robe              |     6 |       ||     6
         Ring mail         |    14 |    20 ||    34
  Dodge: Dodged            |    36 |    36 ||    72

Table legend:
 A = Non-vault XP
 B = Vault XP
 C = Vault XP percentage of total XP
 D = Non-vault monster count
 E = Vault monster count
 F = Vault count percentage of total count
                 A         B        C        D         E       F
            +---------+---------+-------+---------+---------+-------
      Total |     178 |      57 |  24.3 |      50 |      12 |  19.4
            +---------+---------+-------+---------+---------+-------
        D:1 |      20 |       0 |   0.0 |      12 |       0 |   0.0
        D:2 |      52 |       0 |   0.0 |      18 |       0 |   0.0
        D:3 |     106 |      57 |  35.0 |      20 |      12 |  37.5
            +---------+---------+-------+---------+---------+-------
